 Dungeon Crawl Stone Soup version 0.28-a0-1510-gd0f6b136d3 (webtiles) character file.

Game seed: 9750448216682130072

8856 tatocazan the Fighter (level 11, -2/71 HPs)
             Began as a Gargoyle Fighter on Jan 15, 2022.
             Was a Believer of Okawaru.
             Slain by an orc warrior (19 damage)
             ... on level 11 of the Dungeon.
             The game lasted 00:14:04 (11973 turns).

tatocazan the Fighter (Gargoyle Fighter)           Turns: 11973, Time: 00:14:05

Health: -2/71      AC: 32    Str: 25    XL:     11   Next: 37%
Magic:  6/13       EV: 10    Int:  8    God:    Okawaru [**....]
Gold:   506        SH: 11    Dex: 12    Spells: 10/10 levels left

rFire   . . .      SeeInvis +   h - +1 demon whip (flame)
rCold   . . .      Faith    .   c - +0 kite shield
rNeg    + . .      Spirit   .   r - +6 scale mail of Efraps {Dex+3 SInv}
rPois   ∞          Reflect  .   A - +0 helmet
rElec   +          Harm     .   J - +0 cloak
rCorr   .          Rampage  .   p - +0 pair of gloves
Will    .....                   n - +0 pair of boots
Stlth   ..........              j - amulet of the acrobat
HPRegen 0.21/turn               v - +4 ring of protection
MPRegen 0.13/turn               (no ring)

@: mighty, studying Dodging
A: sickness immunity, AC +8, negative energy resistance 1, electricity
resistance, torment resistance 1, petrification resistance
a: Renounce Religion, Heroism


You were on level 11 of the Dungeon.
You worshipped Okawaru.
Okawaru was pleased with you.
You visited 2 branches of the dungeon, and saw 12 of its levels.
You also visited: Bailey.

You collected 686 gold pieces.
You spent 180 gold pieces at shops.

Inventory:

Hand Weapons
 a - a +0 flail
 h - a +1 demon whip of flaming (weapon)
Missiles
 y - 4 atropa-tipped darts (quivered)
Armour
 c - a +0 kite shield (worn)
 n - a +0 pair of boots (worn)
 p - a +0 pair of gloves (worn)
 r - the +6 scale mail of Efraps (worn) {Dex+3 SInv}
   (You found it on level 4 of the Dungeon)

   Dex:       It affects your dexterity (+3).
   SInv:      It lets you see invisible.
 A - a +0 helmet (worn)
 B - a +0 buckler of protection
 E - a +0 plate armour
 J - a +0 cloak (worn)
Jewellery
 j - an amulet of the acrobat (around neck)
 v - a +4 ring of protection (left hand)
Wands
 l - a wand of paralysis (3)
 s - a wand of digging (8)
 K - a wand of mindburst (8)
 L - a wand of iceblast (5)
Scrolls
 m - 10 scrolls of teleportation
 C - a scroll of enchant armour
 F - 3 scrolls of identify
 H - a scroll of summoning {unknown}
 I - a scroll of fog {unknown}
 M - a scroll of torment {unknown}
Potions
 b - 2 potions of degeneration {unknown}
 e - 2 potions of attraction
 f - 7 potions of curing
 g - a potion of magic {unknown}
 i - 3 potions of mutation
 k - 3 potions of haste
 o - 2 potions of invisibility
 q - 2 potions of resistance
 t - a potion of flight {unknown}
 u - 3 potions of heal wounds {unknown}
 w - a potion of ambrosia {unknown}
 x - 2 potions of berserk rage {unknown}
 z - a potion of lignification {unknown}


   Skills:
 + Level 9.6 Fighting
 * Level 9.3 Maces & Flails
 + Level 9.5 Armour
 + Level 3.1 Dodging
 + Level 9.5 Shields
 * Level 3.4 Invocations


You had 10 spell levels left.
You didn't know any spells.
Your spell library contained the following spells:

 Spells                   Type           Power      Damage    Failure   Level
 Apportation              Tloc           0%         N/A       90%         1
 Gell's Gravitas          Tloc           0%         N/A       99%         3
 Lesser Beckoning         Tloc           0%         N/A       99%         3
 Ozocubu's Armour         Ice            0%         N/A       99%         3
 Teleport Other           Tloc           0%         N/A       99%         3
 Anguish                  Hex/Necr       0%         N/A       100%        4
 Hailstorm                Conj/Ice       0%         3d3       100%        4
 Ice Form                 Ice/Tmut       0%         N/A       100%        4
 Enfeeble                 Hex            0%         N/A       100%        7
 Ozocubu's Refrigeration  Ice            0%         4d5       100%        7
 Animate Skeleton         Necr           Unusable   N/A       N/A         1
 Summon Small Mammal      Summ           Unusable   N/A       N/A         1
 Tukima's Dance           Hex            Unusable   N/A       N/A         3
 Summon Forest            Summ/Tloc      Unusable   N/A       N/A         5
 Summon Mana Viper        Hex/Summ       Unusable   N/A       N/A         5
 Simulacrum               Ice/Necr       Unusable   N/A       N/A         6
 Summon Cactus Giant      Summ           Unusable   N/A       N/A         6

Dungeon Overview and Level Annotations

Branches:
Dungeon (11/15)            Temple (1/1) D:4            Lair (0/6) D:8
 Bailey (visited)
    Orc: D:9-12

Altars:
Ashenzari
Cheibriados
Dithmenos
Elyvilon
Fedhas
Gozag
Hepliaklqana
Kikubaaqudgha
Makhleb
Nemelex Xobeh
Okawaru
Qazlal
Ru
Sif Muna
Trog
Uskayaw
Vehumet
Wu Jian
Xom
Yredelemnul
Zin
The Shining One

Shops:
D:1 :   D:7 *![[(

Annotations:
D:6 3 runed translucent doors, ytrimaz's ghost, novice OpTm
D:10 3 runed translucent doors, HallandMoats's ghost, journeyman DsFi


Innate Abilities, Weirdness & Mutations

You are immune to sickness and miasma.
Your stone body is resilient. (AC +8)
You are immune to poison.
You resist negative energy. (rN+)
You are resistant to electric shocks. (rElec)
You are resistant to unholy torment.
You are immune to petrification.


Message History

The orc warrior closely misses you.
You take 12 damage, and have 23/71 hp.
You closely miss the orc warrior.
The orc warrior is almost dead.
The orc no longer looks unusually strong.
The orc warrior completely misses you. You block the orc warrior's attack.
You barely miss the orc warrior.
The orc warrior is almost dead.
The orc warrior barely misses you. The orc warrior misses you.
The orc knight roars a battlecry!
The orcs go into a battle-frenzy!
The orc warrior no longer looks unusually strong.
The orc no longer looks unusually strong.
You see here a +0 dagger.
The orc knight roars a battlecry!
The orcs go into a battle-frenzy!
You see here a +1 mace of holy wrath.
The orc warrior closely misses you.
You hit the orc warrior but do no damage.
The orc warrior is almost dead.
You closely miss the orc warrior.
The orc warrior is almost dead.
The orc warrior no longer looks unusually strong.
You closely miss the orc knight.
The orc knight hits you but does no damage.
The orc warrior barely misses you.
You whack the orc knight! You burn the orc knight.
The orc knight is moderately wounded.
The orc knight hits you but does no damage.
The orc warrior hits you but does no damage.
You closely miss the orc knight.
The orc knight is moderately wounded.
You block the orc warrior's attack.
You thrash the orc knight!! You burn the orc knight.
The orc knight is severely wounded.
The orc warrior misses you.
The orc knight hits you with a +1 vorpal dire flail!
* * * LOW HITPOINT WARNING * * *
x2 The orc warrior hits you from afar with a +0 glaive!!
You die...

#####+###########.####
#..# ####)######
#...>.....#
#.#.#####.# #.#.....#
#.#.#####.# #....)..#
######@###


#ooo# ###o# #o# #)# .oo oVoo# oooo.' ......## You could see an orc knight and 4
orc warriors.

Vanquished Creatures
  Pikel (D:5)
  A deep elf pyromancer (D:11)
  Joseph (D:7)
  An efreet (D:10)
  4 trolls
  3 yaks (D:9)
  5 wyverns
  2 basilisks (D:8)
  2 acid dragons (D:8)
  A water moccasin (D:9)
  9 orc warriors
  2 sky beasts
  A black bear (D:8)
  2 ice beasts
  3 centaurs
  An ogre (D:4)
  A phantom (D:5)
  Blork the orc (D:4)
  A gnoll sergeant (D:7)
  7 kobold brigands
  A wyvern skeleton (D:7)
  A water moccasin skeleton (D:6)
  10 wights
  2 howler monkeys
  2 vampire bats (D:9)
  A bullfrog zombie (D:6)
  4 centaur zombies
  7 orc priests
  A jelly (D:8)
  4 hounds
  A bullfrog skeleton (D:6)
  A gnoll shaman (D:7)
  4 iguanas
  8 orc wizards
  2 hound skeletons (D:4)
  A mummy (D:8)
  14 gnolls
  6 adders
  A shadow imp (D:7)
  35 orcs
  8 ball pythons
  2 bat skeletons (D:9)
  2 bat zombies (D:9)
  7 endoplasms
  3 giant cockroaches
  6 goblins
  5 hobgoblins
  2 jackals (D:3)
  27 kobolds
  8 quokkas
  4 bats
  3 frilled lizards
  5 rats
237 creatures vanquished.

Notes
Turn   | Place    | Note
-------+----------+-------------------------------------------
     0 | D:1      | tatocazan the Gargoyle Fighter began the quest for the Orb.
     0 | D:1      | Reached XP level 1. HP: 14/14 MP: 1/1
   456 | D:1      | Found Oroxuus's Book Shoppe.
   463 | D:1      | Reached XP level 2. HP: 19/19 MP: 2/2
  1350 | D:2      | Reached XP level 3. HP: 9/24 MP: 3/3
  1991 | D:2      | Found a faded altar of an unknown god.
  2306 | D:2      | Identified a scroll of acquirement
  2306 | D:2      | Acquired a +1 antimagic demon whip
  2555 | D:3      | Reached XP level 4. HP: 29/29 MP: 1/4
  2803 | D:3      | Reached XP level 5. HP: 25/33 MP: 1/5
  3001 | D:3      | You fall into a shaft and drop 2 floors!
  3001 | D:5      | Entered Level 5 of the Dungeon
  3055 | D:5      | Noticed a lemure
  3055 | D:5      | Noticed a lemure
  3055 | D:5      | Noticed a lemure
  3055 | D:5      | Noticed a lemure
  3056 | D:5      | Noticed Pikel
  3139 | D:5      | Killed Pikel
  3140 | D:5      | Reached skill level 5 in Fighting
  3140 | D:5      | Reached skill level 5 in Armour
  3140 | D:5      | Reached skill level 5 in Shields
  3140 | D:5      | Reached XP level 6. HP: 16/40 MP: 2/6
  3140 | D:5      | Reached XP level 7. HP: 17/44 MP: 2/7
  3699 | D:5      | Reached skill level 5 in Maces & Flails
  3699 | D:5      | Reached XP level 8. HP: 34/51 MP: 2/8
  4203 | D:4      | Identified the +6 scale mail of Efraps {Dex+3 SInv}
  4500 | D:4      | Noticed Blork the orc
  4511 | D:4      | Killed Blork the orc
  4725 | D:4      | Found a staircase to the Ecumenical Temple.
  4744 | Temple   | Entered the Ecumenical Temple
  5821 | D:6      | Found a radiant altar of Vehumet.
  5863 | D:6      | Noticed a wyvern
  5879 | D:6      | Killed a wyvern
  5880 | D:6      | Reached XP level 9. HP: 23/57 MP: 3/9
  6306 | D:6      | Found a runed translucent gate.
  6307 | D:6      | Found a runed translucent gate.
  6308 | D:6      | Found a runed translucent gate.
  6310 | D:6      | Noticed ytrimaz's ghost (novice OpTm)
  6907 | D:7      | Found Tuocvomn's Armour Emporium.
  6937 | D:7      | Found Ynesy's Armour Shoppe.
  6979 | D:7      | Found Qerghuwa's Assorted Antiques.
  6989 | D:7      | Found Haveo's Distillery.
  6996 | D:7      | Found a flagged portal.
  7005 | Bailey   | Entered a bailey
  7605 | Bailey   | Found a burning altar of Makhleb.
  7709 | D:7      | Bought a glowing buckler for 180 gold pieces
  7751 | D:7      | Noticed Joseph
  7772 | D:7      | Killed Joseph
  7773 | D:7      | Reached XP level 10. HP: 21/64 MP: 3/10
  8280 | D:7      | Found Weimadghahant's Weapon Boutique.
  9058 | D:8      | Found a snail-covered altar of Cheibriados.
  9123 | D:8      | Reached skill level 1 in Dodging
  9594 | D:8      | Found a staircase to the Lair.
 10240 | D:9      | Found a bloodstained altar of Trog.
 10557 | D:9      | Found a sparkling altar of Nemelex Xobeh.
 10729 | D:9      | Found an ancient bone altar of Kikubaaqudgha.
 10889 | D:9      | Found a shimmering altar of Xom.
 11066 | D:10     | Entered Level 10 of the Dungeon
 11077 | D:10     | Found a basalt altar of Yredelemnul.
 11077 | D:10     | Found a broken altar of Ashenzari.
 11078 | D:10     | Found an iron altar of Okawaru.
 11090 | D:10     | Became a worshipper of Warmaster Okawaru
 11132 | D:10     | Reached skill level 1 in Invocations
 11284 | D:10     | Reached XP level 11. HP: 61/71 MP: 4/12
 11410 | D:10     | Reached * piety under Okawaru
 11473 | D:10     | Found a runed translucent gate.
 11474 | D:10     | Found a runed translucent gate.
 11474 | D:10     | Found a runed translucent gate.
 11477 | D:10     | Noticed HallandMoats's ghost (journeyman DsFi)
 11789 | D:11     | Noticed a deep elf pyromancer
 11802 | D:11     | Killed a deep elf pyromancer
 11926 | D:11     | Acquired a manual of Dodging
 11939 | D:11     | Noticed an orc knight
 11944 | D:11     | Reached ** piety under Okawaru
 11973 | D:11     | Slain by an orc warrior

Illustrated notes

Levels and vault maps discovered:
D:1:      dpeg_arrival_arbitrary_a, layout_loops_corners, serial_shops,
          nicolae_lakefront_shop
D:2:      layout_loops_ring, hellmonk_ecumenical_altar_lost_god,
          supply_closet_lemuel
D:3:      layout_rooms
D:4:      layout_loops_corners, minmay_temple_entry_statues_fountains,
          uniq_blork_the_orc
D:5:      layout_basic, nicolae_ossuary_entry_plus, minmay_fountain_box,
          uniq_pikel
D:6:      layout_basic, mainiacjoe_overflow_small_starburst,
          gammafunk_ghost_nasty_kobolds, minmay_hedge_maze
D:7:      layout_rooms, serial_shops, shop, nicolae_diamond_shop,
          nicolae_shop_hallway_plus, shop, shop, enter_bailey_6,
          kennysheep_cross_bottleneck, uniq_joseph
D:8:      layout_rooms, slow_altar_2, erik_lair_dragon, minivault_27,
          dk_noncrumbling_2
D:9:      layout_loops_cross, tgw_xom, mainiacjoe_overflow_six_doors_small,
          kennysheep_vampire_church, old_standard_altar
D:10:     layout_loops_ring, chequers_temple_overflow_statue_of_worship,
          gammafunk_ghost_spectres, kennysheep_generic_room_9
D:11:     layout_roguey [special_room_orc], orc_0_dummy, hex_medium
Temple:   dshaligram_water_room_temple

Skill      XL: |  1  2  3  4  5  6  7  8  9 10 11 |
---------------+----------------------------------+-----
Fighting       | 4 5 6 7 8 9 |  9.6
Shields        | 4 5 6 7 8 9 |  9.5
Armour         | 4 5 6 8 9 |  9.5
Maces & Flails | 3 4 5 7 8 9 |  9.3
Dodging        | 2 3 |  3.1
Invocations    | 1 3 |  3.4

Action                   |  1- 3 |  4- 6 |  7- 9 | 10-12 || total
-------------------------+-------+-------+-------+-------++-------
Melee: Flail             |   118 |       |       |       ||   118
       Demon whip        |    10 |    41 |   397 |   411 ||   859
Evoke: Wand              |       |       |     2 |       ||     2
  Use: Scroll            |     1 |     3 |     4 |     7 ||    15
       Potion            |       |       |       |     1 ||     1
 Stab: Paralysed         |       |       |     4 |       ||     4
Armor: Scale mail        |    94 |    12 |   194 |   187 ||   487
Dodge: Dodged            |    68 |    37 |   152 |   152 ||   409
Block: Buckler           |    34 |    12 |    97 |    13 ||   156
       Kite shield       |       |       |       |   190 ||   190

Table legend: (Time is in decaauts)
 A = Elapsed time spent in this place.
 B = Non-inter-level travel time spent in this place.
 C = Inter-level travel time spent in this place.
 D = Time resting spent in this place.
 E = Time spent auto-exploring this place.
 F = Levels seen in this place.
 G = Mean time per level.
                   A        B        C        D        E       F      G
               +--------+--------+--------+--------+--------+-----+--------+
         Total |  11875 |  11452 |    423 |   2054 |   7428 |  13 |  913.5 |
       Dungeon |  11146 |  10723 |    423 |   1659 |   7295 |  11 | 1013.3 |
        Temple |     99 |     99 |      0 |      0 |     65 |   1 |   99.0 |
        Bailey |    629 |    629 |      0 |    395 |     68 |   1 |  629.0 |
               +--------+--------+--------+--------+--------+-----+--------+

Top non-repeatable levels by time:
     D:1: 1344 daAuts
     D:8: 1316 daAuts
     D:2: 1237 daAuts
     D:4: 1237 daAuts
     D:5: 1202 daAuts
     D:9: 1075 daAuts
     D:7: 1069 daAuts
     D:6: 1064 daAuts
     D:3: 720 daAuts
    D:10: 674 daAuts
  Bailey: 629 daAuts
    D:11: 204 daAuts
  Temple: 99 daAuts
